 Dungeon Crawl Stone Soup version 0.19.0 (webtiles) character file.

2455 Lyric the Summoner (level 9, 0/40 HPs)
             Began as a Kobold Summoner on Nov 16, 2016.
             Was a Priest of Hepliaklqana.
             Killed from afar by a steam dragon (21 damage)
             ... with a ball of steam
             ... on level 8 of the Dungeon.
             The game lasted 01:49:29 (10692 turns).

Lyric the Summoner (Kobold Summoner)               Turns: 10692, Time: 01:49:30

Health: 0/40       AC:  4    Str:  3    XL:     9   Next: 79%
Magic:  5/21       EV: 15    Int: 21    God:    Hepliaklqana [***...]
Gold:   447        SH:  0    Dex: 16    Spells: 3 memorised, 14 levels left

rFire  . . .     SeeInvis .     h - staff of poison
rCold  . . .     Gourm    +     a - +2 robe
rNeg   . . .     Faith    .     (shield currently unavailable)
rPois  +         Spirit   .     (no helmet)
rElec  .         Reflect  .     (no cloak)
rCorr  +         Harm     .     (no gloves)
MR     .....     Clarity  +     (no boots)
Stlth  +++.......               n - amulet of the gourmand
                                g - +2 ring of intelligence
                                j - ring of resist corrosion

@: no status effects
A: reduced essence, carnivore 3, clarity, weak 1, evolution 1
a: Recall Ancestor, Ancestor Identity, Transference, Renounce Religion


You were on level 8 of the Dungeon.
You worshipped Hepliaklqana.
Hepliaklqana was most pleased with you.
You were not hungry.

You visited 1 branch of the dungeon, and saw 8 of its levels.

You collected 447 gold pieces.

Inventory:

Hand Weapons
 f - a +0 short sword
 i - a +3 short sword of holy wrath
Armour
 a - a +2 robe (worn)
Magical Staves
 h - an uncursed staff of poison (weapon)
Jewellery
 g - a +2 ring of intelligence (right hand)
 j - a ring of resist corrosion (left hand)
 k - a cursed ring of loudness {unknown}
 n - an amulet of the gourmand (around neck)
 s - a +1 ring of slaying {unknown}
Wands
 e - a wand of random effects (15/48)
 v - a wand of polymorph (11/24)
 w - a wand of flame (35/48)
Scrolls
 d - 2 scrolls of remove curse
 l - 7 scrolls of fog
 o - a scroll of enchant armour
 p - 2 scrolls of teleportation
 y - a scroll of enchant weapon {unknown}
Potions
 q - a potion of flight
 u - a potion of curing
 x - a potion of might
Books
 b - a book of Callings

   Spells                             Type                      Level
   a - Summon Small Mammal            Summoning                    1
   b - Call Imp                       Summoning                    2
   c - Call Canine Familiar           Summoning                    3
   d - Summon Guardian Golem          Hexes/Summoning              3
   e - Summon Lightning Spire         Summoning/Air                4
   f - Summon Ice Beast               Ice/Summoning                4
Comestibles
 c - 4 meat rations
 m - a royal jelly
 r - a slice of pizza
 t - a beef jerky


   Skills:
 + Level 0.2 Fighting
 + Level 0.6 Short Blades
 + Level 2.7 Dodging
 + Level 4.6 Stealth
 + Level 8.1 Spellcasting
 + Level 2.5 Hexes
 + Level 8.9 Summonings
 + Level 3.6 Ice Magic


You had 14 spell levels left.
You knew the following spells:

 Your Spells              Type           Power        Failure   Level  Hunger
a - Summon Ice Beast      Ice/Summ       #####...     8%          4    ###....
b - Call Canine Familiar  Summ           #####...     1%          3    None
c - Summon Guardian Gole  Hex/Summ       ####....     2%          3    None


Dungeon Overview and Level Annotations

Branches:
Dungeon (8/15)             Temple (0/1) D:6
   Lair: D:8-11

Altars:
Ashenzari
Fedhas
Gozag
Hepliaklqana

Annotations:
D:2 exclusion: oklob plant


Innate Abilities, Weirdness & Mutations

You are small and have problems with some larger weapons.
You are carnivorous and can eat meat at any time.
Your life essence is reduced. (-10% HP)
You possess an exceptional clarity of mind.
You are weak. (Str -2)
You evolve.


Message History

The steam dragon claws your ice beast but does no damage.
Your ice beast hits the steam dragon.
Your ice beast freezes the steam dragon!
Your wolf is engulfed in a cloud of scalding steam.
The steam dragon breathes steam at you. The ball of steam hits your ice beast.
The ball of steam hits Xochitl.
Xochitl resists.
The ball of steam misses you.
You hear a shout!
Your ice beast is engulfed in a cloud of scalding steam.
The orc warrior is engulfed in roaring flames.
Casting: Summon Ice Beast
Confirm with . or Enter, or press ? or * to list all spells.
A chill wind blows around you.
Your ice beast is engulfed in a cloud of scalding steam.
The steam dragon breathes steam at you.
The ball of steam misses your ice beast.
The ball of steam hits you!
Ouch! That really hurt!
You die...

...............
...............
...............
.....)o§§.....> .
......§§§....# ..#######o#+#
.......§D..§# ......YYR...#
.......@h...# ..########..#
.. #..# #.###..#
+############ #......# #.
............ ....#...# #...
..........######.#...##.....
.................#..........
.............#####...#####.#


You could see the friendly Xochitl the knight, a steam dragon, an orc warrior, 2
friendly ice beasts and a friendly wolf.

Vanquished Creatures
  An orc wizard (D:3)
  An adder (D:2)
  2 orcs (D:3)
  A giant cockroach (D:1)
  A kobold (D:3)
  A quokka (D:3)
7 creatures vanquished.

Vanquished Creatures (collateral kills)
  The ghost of PrincessPwny the Carver, a novice FoFi of Okawaru (D:7)
  Grinder (D:5)
  Sigmund (D:3)
  Eustachio (D:4)
  Menkaure (D:5)
  An ice beast (D:7)
  A sky beast (D:7)
  A phantom (D:6)
  An ogre (D:8)
  2 centaurs
  4 bullfrogs
  3 scorpions
  3 killer bees (D:7)
  2 howler monkeys
  2 crimson imps
  A gnoll shaman (D:5)
  2 orc priests
  A hound (D:7)
  2 orc wizards
  A centaur skeleton (D:4)
  3 iguanas
  6 worker ants
  A hound zombie (D:3)
  2 hound skeletons (D:7)
  2 worker ant zombies
  7 gnolls
  11 adders
  4 shadow imps
  An adder skeleton (D:4)
  7 worms
  A dart slug (D:1)
  4 leopard geckos
  21 orcs
  6 giant cockroaches
  11 hobgoblins
  A jackal (D:2)
  3 quokkas
  11 bats
  6 frilled lizards
  7 goblins
  13 kobolds
  A leopard gecko skeleton (D:4)
  2 quokka skeletons
  7 rats
170 creatures vanquished.

Vanquished Creatures (others)
  An orc (D:8)
  2 ancestors
  2 fungi (D:2)
  2 plants (D:2)
7 creatures vanquished.

Grand Total: 184 creatures vanquished

Notes
Turn   | Place    | Note
-------+----------+-------------------------------------------
     0 | D:1      | Lyric the Kobold Summoner began the quest for the Orb.
     0 | D:1      | Reached XP level 1. HP: 10/10 MP: 3/3
   449 | D:1      | Reached XP level 2. HP: 15/15 MP: 1/5
  1117 | D:2      | Reached XP level 3. HP: 12/19 MP: 1/6
  1271 | D:2      | Learned a level 3 spell: Call Canine Familiar
  1943 | D:2      | Gained mutation: You possess an exceptional clarity of mind. [potion of beneficial mutation]
  1970 | D:2      | Found a hazy altar of Hepliaklqana.
  1975 | D:2      | Became a worshipper of Hepliaklqana the Forgotten
  2254 | D:2      | Reached XP level 4. HP: 21/21 MP: 4/8
  2259 | D:2      | Learned a level 3 spell: Summon Guardian Golem
  2519 | D:2      | Found a blossoming altar of Fedhas.
  2552 | D:2      | Noticed an oklob plant
  3338 | D:3      | Reached skill level 5 in Summonings
  3518 | D:3      | Noticed Sigmund
  3532 | D:3      | Killed Sigmund
  3532 | D:3      | Reached XP level 5. HP: 25/25 MP: 7/10
  3640 | D:3      | Reached XP level 6. HP: 24/28 MP: 5/12
  3976 | D:3      | Reached * piety under Hepliaklqana
  4552 | D:4      | Found a shattered altar of Ashenzari.
  5341 | D:4      | Reached XP level 7. HP: 32/32 MP: 11/14
  5559 | D:4      | Noticed Eustachio
  5600 | D:4      | Killed Eustachio
  5600 | D:4      | Reached skill level 5 in Spellcasting
  5600 | D:4      | Reached skill level 1 in Hexes
  6205 | D:5      | Entered Level 5 of the Dungeon
  6205 | D:5      | Noticed Menkaure
  6608 | D:5      | Reached ** piety under Hepliaklqana
  6609 | D:5      | Remembered your ancestor Xochitl as a knight
  6618 | D:5      | Noticed Grinder
  6663 | D:5      | Paralysed by Grinder for 6 turns
  6723 | D:5      | Killed Grinder
  6723 | D:5      | Reached XP level 8. HP: 20/36 MP: 8/16
  6903 | D:5      | Killed Menkaure
  6910 | D:5      | Learned a level 4 spell: Summon Ice Beast
  7526 | D:5      | Gained mutation: You evolve. [potion of mutation]
  7526 | D:5      | Gained mutation: Your spells are a little easier to cast, but a little less powerful. [potion of mutation]
  7526 | D:5      | Gained mutation: You are weak. (Str -2) [potion of mutation]
  8553 | D:6      | Found a staircase to the Ecumenical Temple.
  8613 | D:6      | Reached skill level 1 in Ice Magic
  9228 | D:6      | Reached XP level 9. HP: 40/40 MP: 13/19
  9605 | D:7      | Noticed PrincessPwny's ghost (novice FoFi)
  9642 | D:7      | Killed PrincessPwny's ghost
  9646 | D:7      | Found an opulent altar of Gozag.
  9821 | D:7      | Lost mutation: Your spells are a little easier to cast, but a little less powerful. [evolution]
 10446 | D:7      | Reached *** piety under Hepliaklqana
 10692 | D:8      | Killed from afar by a steam dragon

Skill      XL: |  1  2  3  4  5  6  7  8  9 |
---------------+----------------------------+-----
Spellcasting   | 3 4 5 6 8 |  8.1
Stealth        | 3 4 |  4.6
Summonings     | 5 6 7 8 |  8.9
Hexes          | 1 2 |  2.5
Ice Magic      | 2 3 |  3.6
Fighting       | |  0.2
Short Blades   | |  0.6
Dodging        | |  2.7

Action                   |  1- 3 |  4- 6 |  7- 9 || total
-------------------------+-------+-------+-------++-------
Melee: Short sword       |    14 |    20 |     2 ||    36
 Cast: Summon Small Mamm |    72 |    36 |     8 ||   116
       Call Canine Famil |    13 |    21 |    28 ||    62
       Summon Guardian G |       |     8 |    19 ||    27
       Summon Ice Beast  |       |       |    26 ||    26
Invok: Recall Ancestor   |       |     1 |     1 ||     2
       Ancestor Identity |       |     1 |       ||     1
       Ancestor Life: Kn |       |       |     1 ||     1
  Use: Scroll            |     8 |     5 |     5 ||    18
       Potion            |     3 |     1 |     6 ||    10
 Stab: Sleeping          |     1 |     1 |       ||     2
       Distracted        |       |       |     1 ||     1
  Eat: Chunk             |    15 |    11 |    13 ||    39
       Meat ration       |       |       |     1 ||     1
Armor: Robe              |    14 |     6 |     3 ||    23
Dodge: Dodged            |    34 |    20 |    21 ||    75
